 Dungeon Crawl Stone Soup version 0.25-a0-663-gace7076 (webtiles) character file.

Game seed: 7026530257203588434, levelgen mode: deterministic

14 Lindan9 the Skirmisher (level 2, 0/24 HPs)
             Began as a Demonspawn Chaos Knight on Mar 25, 2020.
             Was a Plaything of Xom.
             Succumbed to a goblin's poison
             ... on level 1 of the Dungeon.
             The game lasted 00:01:57 (227 turns).

Lindan9 the Skirmisher (Demonspawn Chaos Knight)     Turns: 227, Time: 00:01:58

Health: 0/24       AC:  5    Str: 12    XL:     2   Next: 27%
Magic:  2/2        EV: 11    Int: 13    God:    Xom [..*...]
Gold:   39         SH:  0    Dex: 12    Spells: 1/1 levels left

rFire    . . .     SeeInvis .   a - +0 mace (chaos)
rCold    . . .     Gourm    .   (no shield)
rNeg     . . .     Faith    .   b - +2 leather armour
rPois    .         Spirit   .   (no helmet)
rElec    .         Reflect  .   (no cloak)
rCorr    .         Harm     .   (no gloves)
MR       .....                  (no boots)
Stlth    +.........             (no amulet)
HPRegen  0.08/turn              (no ring)
MPRegen  0.08/turn              (no ring)

@: lethally poisoned (0 -> -2)
A: talons 1
a: Renounce Religion


You were on level 1 of the Dungeon.
You worshipped Xom.
You were a toy of Xom.
You were not hungry.

You visited 1 branch of the dungeon, and saw 1 of its levels.

You collected 39 gold pieces.

Inventory:

Hand Weapons
 a - a +0 mace of chaos (weapon)
 d - a +1 dagger of venom
Armour
 b - a +2 leather armour (worn)
Jewellery
 e - an uncursed amulet of faith {unknown}
Comestibles
 c - 3 rations


   Skills:
 + Level 3.4 Fighting
 + Level 2.9 Maces & Flails
 + Level 1.9 Armour
 + Level 1.0 Dodging


You had one spell level left.
You didn't know any spells.
Your spell library was empty.

Dungeon Overview and Level Annotations

Branches:
Dungeon (1/15)

Altars:


Innate Abilities, Weirdness & Mutations

You have sharp toenails.


Message History

* * * LOW HITPOINT WARNING * * *
The rat misses you.
A frilled lizard comes into view.
The giant cockroach barely misses you.
You are too injured to fight recklessly!
The frilled lizard hisses angrily.
You hit the rat.
You kill the rat!
The giant cockroach closely misses you.
The giant cockroach bites you but does no damage.
Items here: ! $ ) [ † a +0 hand axe; a +0 tower shield; a puce potion; 6 gold pieces a hobgoblin corpse You are too injured to fight recklessly!
You are too injured to fight recklessly!
You are too injured to fight recklessly!
You hit the giant cockroach but do no damage.
The giant cockroach goes berserk!
You die...
Xom titters!

#.##.####.# .###.#.
#.........# ...#.#.
##.......#.###.###...
.....#.#.#.....#.....
#...#.#.#))####..... #
#.....#..........#
#.#.#.#)...(########
#.#.....#####.......
l.#.#.s@..###.......####
..l......##......###....
.##......#....###.......
.....#..##...#....<.####
.##.....#...#.....###
#####.#.. #....## ..#.
#....## ### #.....###
#...#....†.####


You could see a giant cockroach (berserk) and a frilled lizard.

Vanquished Creatures
  2 dart slugs (D:1)
  A goblin (D:1)
  A hobgoblin (D:1)
  2 kobolds (D:1)
  2 bats (D:1)
  2 frilled lizards (D:1)
  A rat (D:1)
11 creatures vanquished.

Notes
Turn   | Place    | Note
-------+----------+-------------------------------------------
     0 | D:1      | Lindan9 the Demonspawn Chaos Knight began the quest for the
                  | Orb.
     0 | D:1      | Reached XP level 1. HP: 18/18 MP: 1/1
    20 | D:1      | XOM: divination: detect creatures
   144 | D:1      | XOM: harmless Fire miscast
   172 | D:1      | Gained mutation: You have sharp toenails. [demonic
                  | ancestry]
   172 | D:1      | Reached XP level 2. HP: 22/24 MP: 2/2
   195 | D:1      | Reached skill level 1 in Dodging
   224 | D:1      | HP: 1/24 [giant cockroach (2)]
   227 | D:1      | Succumbed to a goblin's poison

Levels and vault maps discovered:
D:1:      dpeg_arrival_oval, layout_basic, minmay_misc_feat_hallway

Skill      XL: |  1  2 |
---------------+-------+-----
Dodging        | 1 |  1.0
Fighting       | |  3.4
Maces & Flails | |  2.9
Armour         | |  1.9

Action                   || total
-------------------------++-------
Melee: Mace              ||    28
       Kick              ||     2
Armor: Leather armour    ||    14
Dodge: Dodged            ||    29

Table legend:
 A = Non-vault XP
 B = Vault XP
 C = Vault XP percentage of total XP
 D = Non-vault monster count
 E = Vault monster count
 F = Vault count percentage of total count
                 A         B        C        D         E       F
            +---------+---------+-------+---------+---------+-------
      Total |      20 |       0 |   0.0 |      11 |       0 |   0.0
            +---------+---------+-------+---------+---------+-------
        D:1 |      20 |       0 |   0.0 |      11 |       0 |   0.0
            +---------+---------+-------+---------+---------+-------
